 Dungeon Crawl Stone Soup version 0.19.0-11-g3fc08b3 (webtiles) character file.

1845 Millan the Cleaver (level 8, -3/105 HPs)
             Began as a Minotaur Fighter on Nov 8, 2016.
             Slain by a gnoll sergeant
             ... wielding a +1 trident of freezing
              (4 damage)
             ... on level 6 of the Dungeon.
             The game lasted 00:15:24 (5497 turns).

Millan the Cleaver (Minotaur Fighter)               Turns: 5497, Time: 00:15:27

Health: -3/105     AC: 10    Str: 28    XL:     8   Next: 88%
Magic:  0/7        EV:  8    Int: 10    God:
Gold:   232        SH: 11    Dex:  8    Spells: 0 memorised, 7 levels left

rFire  . . .     SeeInvis .     a - +0 war axe
rCold  . . .     Gourm    .     u - +0 chain mail
rNeg   . . .     Faith    .     c - +0 shield
rPois  .         Spirit   +     (helmet restricted)
rElec  .         Reflect  .     (no cloak)
rCorr  .         Harm     .     (no gloves)
MR     .....                    (no boots)
Stlth  ..........               h - amulet of guardian spirit
                                (no ring)
                                (no ring)

@: brilliant, berserking, glowing, very quick
A: retaliatory headbutt, hooves 1, horns 2, clumsy 1
a: no special abilities


You were on level 6 of the Dungeon.
You were hungry.

You visited 1 branch of the dungeon, and saw 6 of its levels.

You collected 232 gold pieces.

Inventory:

Hand Weapons
 a - a +0 war axe (weapon)
Armour
 c - a +0 shield (worn)
 u - a +0 chain mail (worn)
Jewellery
 h - an amulet of guardian spirit (around neck)
Scrolls
 b - 3 scrolls of blinking {unknown}
 e - 2 scrolls of immolation {unknown}
 g - 2 scrolls of fog {unknown}
 i - a scroll of amnesia {unknown}
 l - 5 scrolls of remove curse {unknown}
 m - a scroll of recharging {unknown}
 n - a scroll of enchant armour {unknown}
 p - 3 scrolls of identify {unknown}
 r - a scroll of random uselessness {unknown}
 s - 2 scrolls of magic mapping {unknown}
 v - a scroll of noise {unknown}
 w - 3 scrolls of teleportation {unknown}
Potions
 d - a potion of might
 k - a potion of cure mutation {unknown}
 t - a potion of resistance
 z - a potion of degeneration {unknown}
 A - a potion of heal wounds {unknown}
 C - a potion of haste {unknown}
Comestibles
 f - 3 bread rations
 j - 3 meat rations
 q - 3 slices of pizza
 B - a beef jerky
 E - 3 fruits


   Skills:
 + Level 6.1 Fighting
 + Level 9.2 Axes
 + Level 6.8 Armour
 + Level 2.1 Dodging
 + Level 0.3 Stealth
 + Level 7.6 Shields


You had 7 spell levels left.
You didn't know any spells.

Dungeon Overview and Level Annotations

Branches:
Dungeon (6/15)
 Temple: D:4-7

Altars:
Cheibriados
Dithmenos
Hepliaklqana
Qazlal
Xom

Shops:
D:5 *


Innate Abilities, Weirdness & Mutations

You reflexively headbutt those who attack you in melee.
You have a pair of horns on your head.
You have large cloven feet.
You are clumsy. (Dex -2)


Message History

The hound bites you but does no damage. You block the gnoll sergeant's attack.
The gnoll shaman closely misses you. You furiously retaliate!
You headbutt the gnoll shaman, but do no damage.
The gnoll sergeant blocks your attack.
You kick the gnoll sergeant.
The gnoll sergeant is severely wounded.
You slash the hound! You slash the gnoll shaman! You block the hound's attack.
The gnoll sergeant hits you with a trident of freezing.
* * * LOW HITPOINT WARNING * * *
The gnoll sergeant freezes you.
* * * LOW HITPOINT WARNING * * *
The hound bites you but does no damage.
The gnoll shaman calls upon its god to heal the gnoll sergeant.
The gnoll sergeant is healed somewhat.
You barely miss the gnoll shaman. You kick the gnoll shaman.
You kill the gnoll shaman!
The gnoll sergeant blocks your attack.
You miss the hound.
The gnoll sergeant hits you with a trident of freezing!
* * * LOW HITPOINT WARNING * * *
The gnoll sergeant freezes you.
You die...

#....♣# ##..PP♣
....#..# # ##...♣♣
...#..# #
#...PP♣#....#..# #
##.....#.g .'..# #
##.....#oh '..#
###..PPPP#.. #..#
......♣P♣#.. #h)#
)..#.PP♣♣ #g@#
)..#..♣P♣ #()#
...#..PP♣# #$.#
.........######(.#
...(.....'....#..#
.)..()..)'.>..#..#
#....((..'(..†'..#
###.....♣######''#
##..PPPPP# ...#


You could see a gnoll sergeant and a hound.

Vanquished Creatures
  A sky beast (D:5)
  3 ogres
  2 centaurs
  Blork the orc (D:5)
  2 gnoll sergeants (D:6)
  2 scorpions
  A howler monkey (D:4)
  2 crimson imps (D:5)
  3 gnoll shamans (D:6)
  5 hounds (D:6)
  A centaur skeleton (D:4)
  An orc priest (D:5)
  6 orc wizards
  A bullfrog skeleton (D:5)
  Jessica (D:3)
  An iguana (D:5)
  Ijyb (D:3)
  Terence (D:2)
  5 worker ants
  A hound skeleton (D:5)
  A worker ant zombie (D:5)
  Robin (D:2)
  4 gnolls (D:6)
  5 adders
  An adder skeleton (D:5)
  2 worms
  A dart slug (D:4)
  2 leopard geckos
  17 orcs
  4 giant cockroaches
  18 goblins
  11 hobgoblins
  2 jackals (D:4)
  16 kobolds
  5 quokkas
  A ball python (D:4)
  8 bats
  5 frilled lizards
  A quokka skeleton (D:4)
  9 rats
155 creatures vanquished.

Notes
Turn   | Place    | Note
-------+----------+-------------------------------------------
     0 | D:1      | Millan the Minotaur Fighter began the quest for the Orb.
     0 | D:1      | Reached XP level 1. HP: 19/19 MP: 0/0
   356 | D:1      | Reached XP level 2. HP: 27/27 MP: 1/1
   882 | D:2      | Reached XP level 3. HP: 33/33 MP: 2/2
  1062 | D:2      | Found a snail-covered altar of Cheibriados.
  1062 | D:2      | Found a shadowy altar of Dithmenos.
  1095 | D:2      | Noticed Terence
  1108 | D:2      | Killed Terence
  1108 | D:2      | Reached skill level 3 in Axes
  1140 | D:2      | Noticed Robin
  1183 | D:1      | Reached XP level 4. HP: 14/40 MP: 3/3
  1488 | D:2      | Killed Robin
  1721 | D:3      | Found a hazy altar of Hepliaklqana.
  1721 | D:3      | Noticed Jessica
  1727 | D:3      | Killed Jessica
  1731 | D:3      | Reached skill level 4 in Axes
  1778 | D:3      | Noticed a centaur
  1791 | D:3      | Killed a centaur
  1791 | D:3      | Reached XP level 5. HP: 34/47 MP: 4/4
  1980 | D:3      | Found a shimmering altar of Xom.
  2147 | D:3      | Noticed Ijyb
  2152 | D:3      | Killed Ijyb
  2152 | D:3      | Reached skill level 5 in Axes
  2500 | D:4      | Reached skill level 5 in Shields
  2500 | D:4      | Reached XP level 6. HP: 53/53 MP: 5/5
  2539 | D:4      | Reached skill level 5 in Armour
  2663 | D:4      | Reached skill level 6 in Axes
  2778 | D:4      | Reached XP level 7. HP: 51/60 MP: 3/6
  2795 | D:4      | Reached skill level 5 in Fighting
  3418 | D:5      | Entered Level 5 of the Dungeon
  3538 | D:5      | Noticed Blork the orc
  3541 | D:5      | Reached skill level 7 in Axes
  3588 | D:4      | Reached skill level 1 in Dodging
  3955 | D:5      | Killed Blork the orc
  4515 | D:5      | Reached XP level 8. HP: 68/68 MP: 7/7
  4524 | D:5      | Reached skill level 8 in Axes
  4622 | D:5      | Gained mutation: You have large cloven feet. [mutagenic meat]
  4623 | D:5      | Gained mutation: You are clumsy. (Dex -2) [mutagenic meat]
  4680 | D:5      | Found Ynurghapp's General Store.
  5137 | D:6      | Found a stormy altar of Qazlal.
  5362 | D:6      | Reached skill level 9 in Axes
  5497 | D:6      | HP: 1/105 [gnoll sergeant/trident of freezing (7)]
  5497 | D:6      | Slain by a gnoll sergeant

Skill      XL: |  1  2  3  4  5  6  7  8 |
---------------+-------------------------+-----
Fighting       | 4 5 6 |  6.1
Armour         | 4 5 6 |  6.8
Shields        | 4 5 6 7 |  7.6
Axes           | 3 4 5 6 7 9 |  9.2
Dodging        | 1 2 |  2.1
Stealth        | |  0.3

Action                   |  1- 3 |  4- 6 |  7- 9 || total
-------------------------+-------+-------+-------++-------
Melee: War axe           |    95 |   115 |   198 ||   408
       Headbutt          |    12 |    21 |    36 ||    69
       Kick              |       |       |    32 ||    32
  Use: Potion            |       |       |     6 ||     6
  Eat: Chunk             |       |     4 |     6 ||    10
       Meat ration       |       |     1 |       ||     1
       Pizza             |       |       |     1 ||     1
Armor: Scale mail        |    34 |       |       ||    34
       Chain mail        |    14 |    73 |   108 ||   195
Dodge: Dodged            |    34 |    32 |    48 ||   114
Block: Shield            |    65 |    86 |   129 ||   280
